 Dungeon Crawl Stone Soup version 0.29.1-15-g9cfb28693d (webtiles) character file.

Game seed: 10235881492807133456

8 protoss039 the Digger (level 2, 20/20 HPs)
             Began as a Demonspawn Earth Elementalist on Mar 2, 2023.
             Got out of the dungeon alive.
             The game lasted 00:00:23 (326 turns).

protoss039 the Digger (DsEE)                         Turns: 326, Time: 00:00:24

Health: 20/20      AC:  2    Str:  8    XL:     2   Next: 0%
Magic:  5/5        EV: 12    Int: 16    God:
Gold:   23         SH:  0    Dex: 13    Spells: 4/5 levels left

rFire   . . .      SeeInvis .   (no weapon)
rCold   . . .      Faith    .   (no shield)
rNeg    . . .      Spirit   .   a - +0 robe
rPois   .          Reflect  .   (helmet restricted)
rElec   .          Harm     .   (no cloak)
rCorr   .          Rampage  .   (no gloves)
Will    .....                   (no boots)
Stlth   ++........              e - amulet of magic regeneration
HPRegen 0.06/turn               (no ring)
MPRegen 0.49/turn               (no ring)

@: no status effects
A: antennae 1
a: no special abilities


You escaped.
You visited 1 branch of the dungeon, and saw 1 of its levels.

You collected 23 gold pieces.

Inventory:

Hand Weapons
 f - a +0 whip
Armour
 a - a +0 robe (worn)
Jewellery
 e - an amulet of magic regeneration (around neck)
Scrolls
 d - a scroll of identify {unknown}
 g - a scroll of teleportation {unknown}
Potions
 b - a potion of magic
 c - a potion of invisibility {unknown}


   Skills:
 + Level 0.8 Fighting
 - Level 1.7 Dodging
 - Level 1.7 Stealth
 + Level 2.2 Spellcasting
 - Level 0.8 Transmutations
 + Level 2.9 Earth Magic


You had 4 spell levels left.
You knew the following spells:

 Your Spells              Type           Power      Damage    Failure   Level
a - Sandblast             Erth           22%        2d7       6%          1

Your spell library contained the following spells:

 Spells                   Type           Power      Damage    Failure   Level
 Passwall                 Tmut/Erth      5%         N/A       14%         2
 Magic Dart               Conj           4%         1d3       21%         1
 Ensorcelled Hibernation  Hex/Ice        2%         N/A       30%         2
 Stone Arrow              Conj/Erth      12%        3d7       32%         3
 Petrify                  Tmut/Erth      7%         N/A       67%         4
 Fulminant Prism          Conj/Hex       0%         3d6       90%         4
 Hailstorm                Conj/Ice       1%         3d3       90%         4
 Fire Storm               Conj/Fire      0%         6d1       100%        9


Dungeon Overview and Level Annotations

Branches:
Dungeon (1/15) Zot: 5668

Altars:


Innate Abilities, Weirdness & Mutations

You have a pair of small antennae on your head.


Message History

Casting: Sandblast (safe; 6% risk of failure)
Confirm with . or Enter, or press ? or * to list all spells.
Aiming: Sandblast (safe; 6% risk of failure)
Press: ? - help, Shift-Dir - straight line, f/p - bat
Aim: a bat (73% to hit)
The blast of sand hits the bat!
You kill the bat!
The giant cockroach barely misses you.
Unknown command.
Casting: Sandblast (safe; 6% risk of failure)
Confirm with . or Enter, or press ? or * to list all spells.
Aiming: Sandblast (safe; 6% risk of failure)
Press: ? - help, Shift-Dir - straight line, f - giant cockroach
Aim: a giant cockroach (82% to hit)
The blast of sand hits the giant cockroach.
The giant cockroach is almost dead.
The giant cockroach misses you. The giant cockroach bites you.
Unknown command.
Really attack while wielding nothing?
Okay, then.
Casting: Sandblast (safe; 6% risk of failure)
Confirm with . or Enter, or press ? or * to list all spells.
Aiming: Sandblast (safe; 6% risk of failure)
Press: ? - help, Shift-Dir - straight line, f/p - giant cockroach
Aim: a giant cockroach (almost dead, 82% to hit)
The blast of sand hits the giant cockroach.
You kill the giant cockroach!
You have reached level 2!
Your demonic ancestry asserts itself...
A pair of antennae grows on your head!
Unknown command.
Unknown command.
Found a green potion.
Your magical contamination has completely faded away.
Found a smoky amethyst potion.
You see here a giant cockroach corpse.
HP restored.
There is a staircase leading out of the dungeon here.
Are you sure you want to leave the Dungeon?
This will make you lose the game!
You have escaped!

.#..............
##.##......#####
#..........#########
#>..........##≈≈>§≈#
#.......######≈≈≈§≈#
#.......# ###≈≈≈≈≈###
#.......# #..§§≈≈...#
#.......####.8.....8.#
#...[.(....#....@....##
####.....#......8.....#
#.....###..........#
#.....# ##.......#.#
#.....# ##..8..## .#
####### ##...## # ##..#
##... .###


There were no monsters in sight!

Vanquished Creatures
  A bat (D:1)
  An endoplasm (D:1)
  2 giant cockroaches (D:1)
  2 ball pythons (D:1)
  A kobold (D:1)
7 creatures vanquished.

Notes
Turn   | Place    | Note
-------+----------+-------------------------------------------
     0 | D:1      | protoss039 the Demonspawn Earth Elementalist began the
                  | quest for the Orb.
     0 | D:1      | Reached XP level 1. HP: 13/13 MP: 3/3
     4 | D:1      | Got the Volume of the Snowflakes and Blows and Bruises
   200 | D:1      | Gained mutation: You have a pair of small antennae on your
                  | head. [demonic ancestry]
   200 | D:1      | Reached XP level 2. HP: 13/20 MP: 0/5
   326 | D:$      | Got out of the dungeon alive.

Illustrated notes

Levels and vault maps discovered:
D:1:      grunt_arrival_lava_bath, layout_basic

Action                   || total
-------------------------++-------
 Cast: Sandblast         ||    11
Armor: Robe              ||     4
Dodge: Dodged            ||     3
